 Dungeon Crawl Stone Soup version 0.28-a0-309-gf6d37e6e1d (webtiles) character file.

Game seed: 10435088444781726382

18 Majang the Chucker (level 2, -8/29 HPs)
             Began as an Ogre Hunter on Aug 30, 2021.
             Was an Initiate of Gozag.
             Mangled by an iron imp (10 damage)
             ... summoned by Natasha
             ... on level 2 of the Dungeon.
             The game lasted 00:05:00 (1119 turns).

Majang the Chucker (Ogre Hunter)                    Turns: 1119, Time: 00:05:00

Health: -8/29      AC:  3    Str: 15    XL:     2   Next: 66%
Magic:  2/2        EV: 10    Int: 12    God:    Gozag
Gold:   110        SH:  0    Dex:  9    Spells: 1/1 levels left

rFire   . . .      SeeInvis .   a - +0 whip
rCold   . . .      Faith    .   (no shield)
rNeg    . . .      Spirit   .   b - +0 robe
rPois   .          Reflect  .   (helmet restricted)
rElec   .          Harm     .   (no cloak)
rCorr   .          Rampage  .   (gloves unavailable)
Will    +....                   (boots unavailable)
Stlth   +.........              (no amulet)
HPRegen 0.09/turn               j - ring of willpower
MPRegen 0.08/turn               (no ring)

@: no status effects
A: large, unfitting armour, tough skin 1
a: Renounce Religion, Potion Petition, Call Merchant, Bribe Branch


You were on level 2 of the Dungeon.
You worshipped Gozag.
Gozag was aware of your devotion.
You visited 1 branch of the dungeon, and saw 2 of its levels.

You collected 110 gold pieces.

Inventory:

Hand Weapons
 a - a +0 whip (weapon)
Armour
 b - a +0 robe (worn)
Magical Staves
 i - a staff of cold
Jewellery
 j - a ring of willpower (left hand)
Scrolls
 e - 3 scrolls of summoning {unknown}
 g - 2 scrolls of identify {unknown}
 h - a scroll of fear {unknown}


   Skills:
 + Level 2.9 Fighting
 * Level 0.8 Maces & Flails
 * Level 4.1 Throwing
 + Level 0.3 Armour
 + Level 2.0 Dodging
 + Level 0.9 Stealth


You had one spell level left.
You didn't know any spells.
Your spell library was empty.

Dungeon Overview and Level Annotations

Branches:
Dungeon (2/15)

Altars:
Gozag

Annotations:
D:2 Natasha


Innate Abilities, Weirdness & Mutations

You are too large for most types of armour.
You have tough skin. (AC +1)


Message History

* * * LOW HITPOINT WARNING * * *
Throw: 2 throwing nets
Press: ? - help, Shift-Dir - straight line, f/p - Natasha
Aim: Natasha (lightly wounded, 50% to hit)
You throw a throwing net.
The throwing net completely misses Natasha.
Throw: throwing net
Press: ? - help, Shift-Dir - straight line, f/p - Natasha
Aim: Natasha (lightly wounded, 50% to hit)
You throw a throwing net. The throwing net hits Natasha.
Natasha is caught in the net!
Natasha is lightly wounded.
Natasha struggles against the net.
You hit Natasha.
Natasha is moderately wounded.
Natasha struggles against the net.
Natasha mewls in sadness.
Natasha struggles against the net.
You strike the helpless Natasha from behind!
You hit Natasha.
Natasha is moderately wounded.
Natasha struggles against the net.
You hit Natasha.
Natasha is heavily wounded.
Natasha struggles against the net.
The net rips apart, and Natasha comes free!
Natasha casts a spell.
You hit Natasha.
Natasha is almost dead.
Natasha casts a spell.
You hit Natasha but do no damage.
Natasha is almost dead.
The iron imp hits you!
* * * LOW HITPOINT WARNING * * *
Natasha closely misses you.
You barely miss Natasha.
Natasha is almost dead.
The iron imp hits you!
You die...
Your body crumbles into a pile of gold.

#..# ##.# #.# #.#
#.# #.####
#########....#####.#
.......5..##.......#
.......@..##########
#####.h#### #(5 #..
#(. #.. #(( #.. $


You could see an iron imp (summoned), Natasha and a white imp (summoned).

Vanquished Creatures
  A dart slug (D:1)
  A bat (D:1)
  A goblin (D:1)
  4 jackals (D:1)
  A quokka (D:1)
  2 ball pythons (D:1)
  2 kobolds (D:1)
  3 rats (D:1)
15 creatures vanquished.

Notes
Turn   | Place    | Note
-------+----------+-------------------------------------------
     0 | D:1      | Majang the Ogre Hunter began the quest for the Orb.
     0 | D:1      | Reached XP level 1. HP: 22/22 MP: 1/1
   221 | D:1      | Found a faded altar of an unknown god.
   221 | D:1      | Noticed a shining eye
   224 | D:1      | Noticed an eye of devastation
   224 | D:1      | Noticed a floating eye
   224 | D:1      | Noticed a golden eye
   232 | D:1      | Became a worshipper of Gozag Ym Sagoz the Greedy
   598 | D:1      | Reached XP level 2. HP: 26/29 MP: 2/2
  1102 | D:2      | Noticed Natasha
  1119 | D:2      | Mangled by an iron imp

Illustrated notes

Levels and vault maps discovered:
D:1:      mrwooster_arrival_arrow, layout_basic,
          hellmonk_ecumenical_altar_watching_god, minmay_tetromino_o2
D:2:      minmay_alternating_diamond, layout_loops_ring,
          chequers_serial_rivers_marsh, grunt_ministairs_1,
          minmay_misc_feat_rows, patterned_corridor, uniq_jessica, uniq_natasha

Skill      XL: |  1  2 |
---------------+-------+-----
Dodging        | 2 |  2.0
Fighting       | |  2.9
Maces & Flails | |  0.8
Throwing       | |  4.1
Armour         | |  0.3
Stealth        | |  0.9

Action                   || total
-------------------------++-------
Melee: Whip              ||    95
Throw: Large rock        ||     5
       Throwing net      ||     2
  Use: Potion            ||     1
 Stab: Held in net/web   ||     1
Armor: Robe              ||    37
Dodge: Dodged            ||    48

Table legend: (Time is in decaauts)
 A = Elapsed time spent in this place.
 B = Non-inter-level travel time spent in this place.
 C = Inter-level travel time spent in this place.
 D = Time resting spent in this place.
 E = Time spent auto-exploring this place.
 F = Levels seen in this place.
 G = Mean time per level.
                   A        B        C        D        E       F      G
               +--------+--------+--------+--------+--------+-----+--------+
         Total |   1128 |   1118 |     10 |    304 |    564 |   2 |  564.0 |
       Dungeon |   1128 |   1118 |     10 |    304 |    564 |   2 |  564.0 |
               +--------+--------+--------+--------+--------+-----+--------+

Top non-repeatable levels by time:
     D:1: 1087 daAuts
     D:2: 41 daAuts
